 Dungeon Crawl Stone Soup version 0.30-a0-49-g1cef19eb02 (webtiles) character file.

Game seed: 6590042796112127210

1739 LnG the Cleaver (level 9, -2/75 HPs)
             Began as a Hill Orc Fighter on Sept 2, 2022.
             Was a High Priest of Uskayaw.
             Succumbed to a killer bee's poison
             ... on level 7 of the Dungeon.
             The game lasted 00:18:59 (6423 turns).

LnG the Cleaver (Hill Orc Fighter)                  Turns: 6423, Time: 00:19:00

Health: -2/75      AC: 13    Str: 23    XL:     9   Next: 5%
Magic:  9/9        EV: 10    Int:  8    God:    Uskayaw [*****.]
Gold:   384        SH:  5    Dex: 10    Spells: 8/8 levels left

rFire   . . .      SeeInvis .    a - +0 war axe
rCold   . . .      Faith    .    c - +0 buckler
rNeg    + . .      Spirit   .    b - +0 scale mail
rPois   .          Reflect  .    A - +2 hat
rElec   .          Harm     .    (no cloak)
rCorr   +          Rampage  .    (no gloves)
Will    +++..      Clarity  +    p - +2 pair of boots
Stlth   ..........               z - amulet of the Four Winds {rN+ Will+++ Clar}
HPRegen 0.22/turn                v - ring of resist corrosion
MPRegen 0.11/turn                (no ring)

@: lethally poisoned (-2 -> -27)
A: no striking features
a: Renounce Religion, Stomp, Line Pass, Grand Finale


You were on level 7 of the Dungeon.
You worshipped Uskayaw.
Uskayaw was noncommittal.
You visited 2 branches of the dungeon, and saw 8 of its levels.

You collected 384 gold pieces.

Inventory:

Hand Weapons
 a - a +0 war axe (weapon)
 F - a +2 demon blade of venom
Armour
 b - a +0 scale mail (worn)
 c - a +0 buckler (worn)
 p - a +2 pair of boots (worn)
 A - a +2 hat (worn)
Jewellery
 i - an amulet of the acrobat
 v - a ring of resist corrosion (left hand)
 x - an amulet of regeneration
 z - the amulet of the Four Winds (around neck) {rN+ Will+++ Clar}
   (You found it on level 5 of the Dungeon)

   [amulet of nothing]

   rN:        It protects you from negative energy.
   Clar:      It protects you against confusion.
   Will:      It greatly increases your willpower.
Wands
 d - a wand of polymorph (4)
 y - a wand of iceblast (15)
 E - a wand of flame (25)
 G - a wand of paralysis (21)
Scrolls
 e - 2 scrolls of magic mapping
 j - 2 scrolls of amnesia {unknown}
 k - 4 scrolls of teleportation
 m - a scroll of blinking {unknown}
 r - 4 scrolls of enchant armour {unknown}
 s - a scroll of immolation {unknown}
 B - a scroll of poison {unknown}
 C - a scroll of fear {unknown}
 H - a scroll of fog {unknown}
Potions
 f - a potion of attraction
 g - a potion of lignification
 h - 2 potions of flight
 l - 2 potions of heal wounds {unknown}
 n - 2 potions of mutation {unknown}
 o - a potion of cancellation {unknown}
 q - a potion of degeneration {unknown}
 t - a potion of berserk rage {unknown}
 u - a potion of invisibility {unknown}
 w - 2 potions of curing {unknown}


   Skills:
 + Level 6.1 Fighting
 + Level 10.3 Axes
 + Level 6.7 Armour
 + Level 1.8 Dodging
 + Level 1.6 Stealth
 + Level 4.9 Shields


You had 8 spell levels left.
You didn't know any spells.
Your spell library was empty.

Dungeon Overview and Level Annotations

Branches:
Dungeon (7/15)             Temple (1/1) D:5

Altars:
Ashenzari
Cheibriados
Dithmenos
Elyvilon
Fedhas
Gozag
Hepliaklqana
Kikubaaqudgha
Makhleb
Nemelex Xobeh
Okawaru
Qazlal
Ru
Sif Muna
Uskayaw
Vehumet
Wu Jian
Xom
Yredelemnul
Zin
The Shining One

Shops:
D:5 (

Annotations:
D:6 4 runed translucent doors
Temple 2 transporters


Message History

You block the killer bee's attack. The killer bee closely misses you.
The killer bee barely misses you. The killer bee stings you.
You are more poisoned.
The killer bee poisons you! The killer bee stings you.
You are lethally poisoned!
The killer bee poisons you! The killer bee stings you.
* * * LOW HITPOINT WARNING * * *
You are more poisoned.
The killer bee poisons you!
The killer bee stings you but does no damage. x2
You have reached level 9!
Your experience leads to an increase in your attributes!
Increase (S)trength, (I)ntelligence, or (D)exterity?
You feel stronger. x2
You closely miss the killer bee.
The killer bee is severely wounded.
You hit the killer bee. You closely miss the killer bee.
* * * LOW HITPOINT WARNING * * *
You feel extremely sick.
The killer bee is no longer sharing its pain.
You block the killer bee's attack. The killer bee barely misses you.
The killer bee closely misses you. The killer bee stings you.
* * * LOW HITPOINT WARNING * * *
You block the killer bee's attack. The killer bee completely misses you.
You miss the killer bee.
The killer bee is almost dead.
You hit the killer bee.
You kill the kobold!
You kill the killer bee!
You miss the killer bee.
* * * LOW HITPOINT WARNING * * *
You feel very sick.
The killer bee is no longer sharing its pain.
You block the killer bee's attack.
The killer bee stings you but does no damage.
The killer bee barely misses you. The killer bee closely misses you.
You can now merge with and destroy a victim.
You closely miss the killer bee.
The killer bee is almost dead.
You barely miss the killer bee.
You die...

#### #... ############..#
. ..###..........#.#
..y.....[..........#
.[...##...........#
.yy§......)......#
...≈≈§≈≈≈≈≈§y##...# ####
...≈§......≈@#..######..#
.§.≈.≈.≈≈≈.≈y...........#
...≈.≈...≈.≈.......######
.§.≈.≈._.≈.≈.......#
...≈.≈...≈.§§......#
z..≈$≈≈≈≈≈§§§§.....#
#.§......§§§§....##
#.≈≈≈≈≈§.≈≈......#
#.....§§§........# ##.


You could see 2 killer bees.

Vanquished Creatures
  2 ice beasts
  2 ogres (D:6)
  A phantom (D:6)
  A bullfrog (D:4)
  9 scorpions
  4 killer bees (D:7)
  A howler monkey (D:6)
  6 hounds
  3 iguanas
  A mummy (D:5)
  9 adders
  A gnoll (D:3)
  3 white imps
  An ufetubus (D:4)
  2 worms
  5 dart slugs
  4 ball pythons
  4 endoplasms
  4 giant cockroaches
  24 goblins
  13 hobgoblins
  4 jackals (D:2)
  5 quokkas
  14 bats
  5 frilled lizards
  A hobgoblin zombie (D:5)
  8 kobolds
  2 kobold zombies (D:5)
  An orc zombie (D:5)
  5 rats
145 creatures vanquished.

Vanquished Creatures (others)
  5 fungi (D:5)
  2 plants (D:5)
7 creatures vanquished.

Grand Total: 152 creatures vanquished

Notes
Turn   | Place    | Note
-------+----------+-------------------------------------------
     0 | D:1      | LnG the Hill Orc Fighter began the quest for the Orb.
     0 | D:1      | Reached XP level 1. HP: 19/19 MP: 1/1
   227 | D:1      | Reached XP level 2. HP: 27/27 MP: 2/2
   367 | D:1      | Reached skill level 3 in Axes
   472 | D:1      | Reached XP level 3. HP: 27/33 MP: 3/3
  1166 | D:2      | Reached XP level 4. HP: 36/40 MP: 4/4
  1170 | D:2      | Reached skill level 4 in Axes
  1244 | D:2      | Found a sacrificial altar of Ru.
  1791 | D:3      | Reached XP level 5. HP: 45/47 MP: 5/5
  2342 | D:3      | Reached skill level 5 in Axes
  2795 | D:4      | Reached XP level 6. HP: 49/53 MP: 6/6
  2826 | D:4      | Found a snail-covered altar of Cheibriados.
  3250 | D:5      | Entered Level 5 of the Dungeon
  3250 | D:5      | Found Otawk's Antique Weapon Boutique.
  3265 | D:5      | Found the amulet of the Four Winds {rN+ Will+++ Clar}
  3335 | D:5      | Reached skill level 6 in Axes
  3453 | D:5      | Reached skill level 1 in Dodging
  3679 | D:5      | Found a staircase to the Ecumenical Temple.
  3680 | D:5      | Noticed an ice beast
  3692 | D:5      | Killed an ice beast
  3693 | D:5      | Reached skill level 5 in Armour
  3693 | D:5      | Reached XP level 7. HP: 24/60 MP: 7/7
  3880 | Temple   | Entered the Ecumenical Temple
  3880 | Temple   | Found a transporter.
  3880 | Temple   | Found a transporter.
  3882 | Temple   | Found a transporter.
  3882 | Temple   | Found a transporter.
  3998 | Temple   | Became a worshipper of Uskayaw the Reveller
  4284 | D:5      | Reached * piety under Uskayaw
  4287 | D:5      | Reached skill level 7 in Axes
  4288 | D:5      | Reached ** piety under Uskayaw
  4290 | D:5      | Reached *** piety under Uskayaw
  4293 | D:5      | Reached **** piety under Uskayaw
  4298 | D:5      | Reached skill level 5 in Fighting
  4584 | D:5      | Reached skill level 8 in Axes
  4653 | D:5      | Reached XP level 8. HP: 65/68 MP: 8/8
  4831 | D:5      | Reached skill level 1 in Stealth
  4956 | D:5      | Found a shimmering blue altar of Sif Muna.
  5252 | D:6      | Found the +18 Lear's hauberk
  5288 | D:6      | Reached skill level 9 in Axes
  5465 | D:6      | Found a large runed translucent door.
  5465 | D:6      | Noticed a cyclops
  5465 | D:6      | Noticed a shadow
  5466 | D:6      | Found a large runed translucent door.
  5469 | D:6      | Found a large runed translucent door.
  5469 | D:6      | Found a large runed translucent door.
  5640 | D:6      | Noticed a komodo dragon
  6347 | D:7      | Found a hazy altar of Hepliaklqana.
  6361 | D:7      | Reached skill level 10 in Axes
  6421 | D:7      | Reached XP level 9. HP: 21/75 MP: 9/9
  6422 | D:7      | Reached ***** piety under Uskayaw
  6423 | D:7      | Succumbed to a killer bee's poison

Illustrated notes

Levels and vault maps discovered:
D:1:      dpeg_arrival_short_road, layout_loops_ring
D:2:      layout_rooms, basic_altar
D:3:      minmay_goblin_kobold_castle, layout_loops_cross
D:4:      layout_cave_pools, cheibriados_altar_1
D:5:      old_forge, layout_basic, led_sif_pool, minmay_temple_entry_overgrown,
          serial_shops, nicolae_shop_advertising_works
          [nicolae_subvault_shop_adworks], chequers_serial_rivers_room_a,
          nrook_mini_vaults, minmay_mini_ossuary
D:6:      layout_cave_pools, minmay_hollow_rounded_squares
D:7:      layout_rooms, mainiacjoe_overflow_concentric_impassable
Temple:   hellmonk_temple_divided_pantheon

Skill      XL: |  1  2  3  4  5  6  7  8 |
---------------+-------------------------+-----
Axes           | 3 4 5 6 8 10 | 10.3
Fighting       | 4 5 6 |  6.1
Armour         | 4 5 6 |  6.7
Shields        | 4 |  4.9
Dodging        | 1 |  1.8
Stealth        | 1 |  1.6

Action                   |  1- 3 |  4- 6 |  7- 9 || total
-------------------------+-------+-------+-------++-------
Melee: War axe           |   114 |   166 |   157 ||   437
  Use: Scroll            |     1 |     3 |     2 ||     6
       Potion            |       |     1 |       ||     1
 Stab: Paralysed         |       |       |     6 ||     6
Armor: Scale mail        |    57 |    96 |   105 ||   258
       Skin              |       |     3 |       ||     3
Dodge: Dodged            |    55 |   139 |    82 ||   276
Block: Buckler           |    29 |    54 |    46 ||   129

Table legend: (Time is in decaauts)
 A = Elapsed time spent in this place.
 B = Non-inter-level travel time spent in this place.
 C = Inter-level travel time spent in this place.
 D = Time resting spent in this place.
 E = Time spent auto-exploring this place.
 F = Levels seen in this place.
 G = Mean time per level.
                   A        B        C        D        E       F      G
               +--------+--------+--------+--------+--------+-----+--------+
         Total |   6534 |   6415 |    119 |   1166 |   2539 |   8 |  816.8 |
       Dungeon |   6463 |   6344 |    119 |   1166 |   2539 |   7 |  923.3 |
        Temple |     71 |     71 |      0 |      0 |      0 |   1 |   71.0 |
               +--------+--------+--------+--------+--------+-----+--------+

Top non-repeatable levels by time:
     D:5: 2139 daAuts
     D:3: 1056 daAuts
     D:1: 897 daAuts
     D:6: 880 daAuts
     D:4: 765 daAuts
     D:2: 619 daAuts
     D:7: 104 daAuts
  Temple: 71 daAuts
